 Seeded DCSS version 0.28-a0-1567-g1695149f81 (webtiles) character file.

Game seed: 143 (custom seed)

9 knot the Chopper (level 2, 18/24 HPs)
             Began as a Demonspawn Berserker on Jan 19, 2022.
             Was a Follower of Trog.
             Quit the game on level 1 of the Dungeon.
             The game lasted 00:00:23 (455 turns).

knot the Chopper (Demonspawn Berserker)              Turns: 455, Time: 00:00:24

Health: 18/24      AC:  2    Str: 17    XL:     2   Next: 3%
Magic:  2/2        EV: 12    Int: 10    God:    Trog [*.....]
Gold:   47         SH:  0    Dex: 12    Spells: 1/1 levels left

rFire   . . .      SeeInvis .   a - +0 hand axe
rCold   . . .      Faith    .   (no shield)
rNeg    . . .      Spirit   .   b - +0 animal skin
rPois   .          Reflect  .   (no helmet)
rElec   .          Harm     .   (no cloak)
rCorr   .          Rampage  .   (no gloves)
Will    .....                   (no boots)
Stlth   +.........              (no amulet)
HPRegen 0.08/turn               (no ring)
MPRegen 0.08/turn               (no ring)

@: no status effects
A: big brain 1
a: Renounce Religion, Berserk


You were on level 1 of the Dungeon.
You worshipped Trog.
Trog was aware of your devotion.
You visited 1 branch of the dungeon, and saw 1 of its levels.

You collected 47 gold pieces.

Inventory:

Hand Weapons
 a - a +0 hand axe (weapon)
Armour
 b - a +0 animal skin (worn)
Scrolls
 c - 3 scrolls of blinking {unknown}
 d - a scroll of teleportation {unknown}
 e - a scroll of vulnerability {unknown}


   Skills:
 - Level 3.0 Fighting
 + Level 3.2 Axes
 - Level 1.7 Armour
 - Level 1.7 Dodging


You had one spell level left.
You didn't know any spells.
Your spell library was empty.

Dungeon Overview and Level Annotations

Branches:
Dungeon (1/15)

Altars:


Innate Abilities, Weirdness & Mutations

You have an unusually large brain. (Int +2)


Message History

There is an open door here.
There is an open door here.
There is an open door here.
There is an open door here.
Key pressed, stopping explore.
A rat comes into view.
You hit the rat.
The rat is moderately wounded.
The rat bites you.
A rat is nearby!
You barely miss the rat.
The rat is moderately wounded.
The rat barely misses you. x2
A rat is nearby!
You slash the rat!
You kill the rat!
Trog accepts your kill.
A ball python comes into view.
The ball python hisses angrily.
A rat comes into view.
There are monsters nearby!
Found a yellow potion.
Found a stone staircase leading down.
There are monsters nearby!
You closely miss the ball python. The ball python bites you.
The ball python grabs you. The ball python constricts you.
There are monsters nearby!
You closely miss the ball python. The ball python bites you.
The ball python constricts you.
The ball python bites you but does no damage.
The ball python constricts you.
You hit the ball python.
You kill the ball python!
Trog accepts your kill.
You completely miss the rat.
The rat twitches its whiskers.
The rat bites you.
You have reached level 2!
Your demonic ancestry asserts itself...
Your brain expands.
Are you sure you want to abandon this character and quit the game? (Confirm with "yes".)

### ..# ..## ##.#
################### ..##
#........##..!....>
.†####........##........
....#...........@†......
....##.........#.r.....!
...P##.........#........
P.##..........##........
PP#...........##########
##...###...####
.....#...#..#
.....#.####.# .......#
##.#######


You could see a rat.

Vanquished Creatures
  A ball python (D:1)
  A bat (D:1)
  An endoplasm (D:1)
  2 giant cockroaches (D:1)
  A frilled lizard (D:1)
  2 rats (D:1)
8 creatures vanquished.

Vanquished Creatures (others)
  3 demonic plants (D:1)
  A fungus (D:1)
  2 plants (D:1)
6 creatures vanquished.

Grand Total: 14 creatures vanquished

Notes
Turn   | Place    | Note
-------+----------+-------------------------------------------
     0 | D:1      | knot the Demonspawn Berserker began the quest for the Orb.
     0 | D:1      | Reached XP level 1. HP: 18/18 MP: 1/1
   134 | D:1      | Found a faded altar of an unknown god.
   455 | D:1      | Gained mutation: You have an unusually large brain. (Int
                  | +2) [demonic ancestry]
   455 | D:1      | Reached XP level 2. HP: 18/24 MP: 2/2
   455 | D:1      | Quit the game

Illustrated notes

Levels and vault maps discovered:
D:1:      dpeg_arrival_another_circle, layout_rooms,
          shapermc_ecumenical_altar_gd, chequers_big_river

Skill      XL: |  1 |
---------------+----+-----
Axes           | 3 |  3.2
Fighting       | |  3.0
Armour         | |  1.7
Dodging        | |  1.7

Action                   || total
-------------------------++-------
Melee: Hand axe          ||    29
       Punch             ||     1
Armor: Animal skin       ||    12
Dodge: Dodged            ||    22

Table legend: (Time is in decaauts)
 A = Elapsed time spent in this place.
 B = Non-inter-level travel time spent in this place.
 C = Inter-level travel time spent in this place.
 D = Time resting spent in this place.
 E = Time spent auto-exploring this place.
 F = Levels seen in this place.
 G = Mean time per level.
                   A        B        C        D        E       F      G
               +--------+--------+--------+--------+--------+-----+--------+
         Total |    460 |    460 |      0 |      0 |    378 |   1 |  460.0 |
       Dungeon |    460 |    460 |      0 |      0 |    378 |   1 |  460.0 |
               +--------+--------+--------+--------+--------+-----+--------+

Top non-repeatable levels by time:
     D:1: 460 daAuts
